 Dungeon Crawl Stone Soup version 0.19.0-20-gbc5f0c6 (webtiles) character file.

177 equalderp2856 the Scratcher (level 5, 0/24 HPs)
             Began as a Felid Fighter on Nov 17, 2016.
             Killed from afar by an orc wizard (7 damage)
             ... with a magic dart
             ... on level 3 of the Dungeon.
             The game lasted 00:11:20 (4452 turns).

equalderp2856 the Scratcher (Felid Fighter)         Turns: 4452, Time: 00:11:20

Health: 0/24       AC:  1    Str: 13    XL:     5   Next: 30%
Magic:  6/6        EV: 20    Int: 10    God:
Gold:   100        SH:  0    Dex: 15    Spells: 0 memorised, 4 levels left
                                        Lives:  0   Deaths: 1

rFire  . . .     SeeInvis +       - Unarmed
rCold  . . .     Gourm    .     (armour unavailable)
rNeg   . . .     Faith    .     (shield unavailable)
rPois  .         Spirit   .     (helmet unavailable)
rElec  .         Reflect  .     (cloak unavailable)
rCorr  .         Harm     .     (gloves unavailable)
MR     .....                    (boots unavailable)
Stlth  +++.......               (no amulet)
                                (no ring)
                                (no ring)

@: quick
A: no armour, no weapons or thrown items, stealth, claws 1, fangs 3, see
invisible, carnivore 3, speed 1, shaggy fur 1, slow metabolism 1, sharp paws
a: no special abilities


You were on level 3 of the Dungeon.
You were not hungry.

You visited 1 branch of the dungeon, and saw 3 of its levels.

You collected 100 gold pieces.

Inventory:

Hand Weapons
 u - a cursed +0 hunting sling
Missiles
 f - 7 javelins
 l - 39 arrows
 r - 17 poisoned needles
 t - 18 bolts
Wands
 p - a wand of lightning (1/15)
Scrolls
 d - 2 scrolls of identify {unknown}
 g - a scroll of fear {unknown}
 h - a scroll of magic mapping {unknown}
 i - a scroll of noise {unknown}
 q - a scroll of remove curse {unknown}
 s - 3 scrolls of immolation {unknown}
Potions
 a - 2 potions of might
 e - a potion of cure mutation {unknown}
 j - a potion of flight {unknown}
 k - a potion of curing {unknown}
 m - 2 potions of agility {unknown}
 n - a potion of cancellation {unknown}
Comestibles
 b - 2 meat rations
 c - 2 beef jerkies
 o - 4 bread rations


   Skills:
 + Level 3.5 Fighting
 + Level 4.7 Dodging
 + Level 4.0 Stealth
 + Level 5.8 Unarmed Combat


You had 4 spell levels left.
You didn't know any spells.

Dungeon Overview and Level Annotations

Branches:
Dungeon (3/15)

Altars:

Annotations:
D:3 leglesslizard's ghost, amateur TrBe


Innate Abilities, Weirdness & Mutations

You cannot wear armour.
You are incapable of wielding weapons or throwing items.
Your paws allow you to move quietly. (Stealth)
You have sharp claws.
You have razor-sharp teeth.
You have supernaturally acute eyesight. (SInv)
You are carnivorous and can eat meat at any time.
You cover ground quickly.
You are covered in fur. (AC +1)
You have a slow metabolism.
Your sharp claws are effective at attacking unaware monsters.


Message History

There is an open door here.
Found a scroll labeled FELIZO IXIUJIF.
The orc wizard gestures at you while chanting.
The puff of flame misses you.
You see here a scroll labeled FELIZO IXIUJIF.
The orc priest calls down the wrath of Beogh upon you.
Beogh smites you!
You hear a shout!
The orc shouts!
The orc wizard gestures wildly while chanting.
The orc wizard seems to speed up.
The orc wizard gestures at you while chanting.
The puff of flame hits you!
* * * LOW HITPOINT WARNING * * *
The orc wizard gestures wildly while chanting.
The orc wizard looks satisfied for a moment.
The orc priest looks encouraged for a moment.
The orc wizard points at you and mumbles some strange words.
The magic dart hits you!
You die...

..#.##..#.#.o........#
###.###.#....oo......#
#..##.#............#
##)...###..........#
#....# #..........#
#....# #..........#
#...[# #..........#
##.#.# #..........#
#...#
#.....@.'###########
##..#
#.......#.≈≈≈≈≈§§≈§#
#..#
#########≈.......§§#
#..# #≈.8§≈≈≈8.≈# #..#
#≈.≈≈≈≈≈≈.§# ######[.#
#≈.≈≈##≈≈.≈# ........#
#≈.≈≈##§§§≈# ..###..>#
#≈.≈≈§§§≈.≈#
......#.###
#≈.8§≈§≈8§≈#


You could see an orc wizard and an orc.

Vanquished Creatures
  A bullfrog (D:3)
  A hound (D:3)
  4 adders
  2 oozes
  A worm (D:2)
  4 dart slugs
  2 leopard geckos
  6 orcs (D:3)
  A ball python (D:1)
  4 giant cockroaches
  6 goblins
  8 hobgoblins
  8 jackals
  2 quokkas (D:3)
  11 bats
  4 frilled lizards
  8 kobolds
  7 rats
80 creatures vanquished.

Notes
Turn   | Place    | Note
-------+----------+-------------------------------------------
     0 | D:1      | equalderp2856 the Felid Fighter began the quest for the Orb.
     0 | D:1      | Reached XP level 1. HP: 10/10 MP: 2/2
   238 | D:1      | Reached XP level 2. HP: 13/14 MP: 3/3
   545 | D:1      | Reached skill level 1 in Stealth
   951 | D:1      | Reached XP level 3. HP: 15/17 MP: 4/4
  1901 | D:2      | Reached XP level 4. HP: 19/21 MP: 5/5
  2253 | D:2      | Reached skill level 5 in Unarmed Combat
  2438 | D:3      | Noticed leglesslizard's ghost (amateur TrBe)
  2725 | D:3      | Noticed a bullfrog
  2748 | D:3      | Slain by a bullfrog
  2749 | D:3      | Reached XP level 3. HP: 0/17 MP: 4/4
  3190 | D:3      | Reached XP level 4. HP: 15/21 MP: 5/5
  4023 | D:3      | Killed a bullfrog
  4023 | D:3      | Reached XP level 5. HP: 12/24 MP: 6/6
  4452 | D:3      | Killed from afar by an orc wizard

Skill      XL: |  1  2  3  4  5 |
---------------+----------------+-----
Stealth        | 1 2 3 4 |  4.0
Unarmed Combat | 5 |  5.8
Fighting       | |  3.5
Dodging        | |  4.7

Action                   |  1- 3 |  4- 6 || total
-------------------------+-------+-------++-------
Melee: Unarmed           |   111 |    70 ||   181
       Bite              |    14 |     9 ||    23
       Punch             |     4 |     1 ||     5
 Stab: Sleeping          |    11 |     3 ||    14
       Distracted        |     1 |       ||     1
  Eat: Chunk             |     9 |     3 ||    12
Armor: Skin              |     5 |     1 ||     6
Dodge: Dodged            |    78 |    58 ||   136
